 Dungeon Crawl Stone Soup version 0.29.1-12-g30fa7ad0bf (webtiles) character file.

Game seed: 14376871869051677972

393 Rrauwl the Shield-Bearer (level 7, -1/51 (54) HPs)
             Began as a Formicid Fighter on Dec 18, 2022.
             Was an Initiate of Okawaru.
             Slain by a necrophage (6 damage)
             ... on level 4 of the Dungeon.
             The game lasted 00:11:55 (3033 turns).

Rrauwl the Shield-Bearer (Formicid Fighter)         Turns: 3033, Time: 00:11:55

HP:   -1/51 (54)    AC:  9    Str: 23    XL:     7   Next: 8%
MP:   7/7           EV: 10    Int:  7    God:    Okawaru [......]
Gold: 146           SH:  5    Dex: 13    Spells: 6/6 levels left

rFire   . . .      SeeInvis +   a - +0 trident
rCold   . . .      Faith    .   c - +0 buckler
rNeg    . . .      Spirit   .   b - +0 scale mail
rPois   .          Reflect  .   (helmet unavailable)
rElec   .          Harm     .   (no cloak)
rCorr   .          Rampage  .   d - +0 pair of gloves
Will    +....                   e - +0 pair of boots
Stlth   +.........              (no amulet)
HPRegen 0.17/turn               j - ring of willpower
MPRegen 0.10/turn               (no ring)

@: attractive, drained
A: permanent stasis, dig shafts and tunnels, antennae 3, four strong arms
a: Dig, Shaft Self, Renounce Religion


You were on level 4 of the Dungeon.
You worshipped Okawaru.
Okawaru was noncommittal.
You visited 2 branches of the dungeon, and saw 5 of its levels.

You collected 146 gold pieces.

Inventory:

Hand Weapons
 a - a +0 trident (weapon)
Armour
 b - a +0 scale mail (worn)
 c - a +0 buckler (worn)
 d - a +0 pair of gloves (worn)
 e - a +0 pair of boots (worn)
Jewellery
 j - a ring of willpower (left hand)
Scrolls
 f - a scroll of magic mapping
 g - a scroll of butterflies
 k - 2 scrolls of vulnerability
 l - a scroll of noise {unknown}


   Skills:
 - Level 4.0 Fighting
 + Level 4.7 Polearms
 - Level 4.0 Armour
 - Level 2.0 Dodging
 - Level 2.0 Stealth
 + Level 5.5 Shields
 + Level 0.3 Invocations


You had 6 spell levels left.
You didn't know any spells.
Your spell library contained the following spells:

 Spells                   Type           Power      Damage    Failure   Level
 Blade Hands              Tmut           0%         N/A       100%        5
 Irradiate                Conj/Tmut      0%         3d11      100%        5
 Dragon Form              Tmut           0%         N/A       100%        7
 Summon Small Mammal      Summ           Unusable   N/A       N/A         1
 Call Canine Familiar     Summ           Unusable   N/A       N/A         3
 Summon Guardian Golem    Hex/Summ       Unusable   N/A       N/A         3

Dungeon Overview and Level Annotations

Branches:
Dungeon (4/15)             Temple (1/1) D:4

Altars:
Ashenzari
Cheibriados
Elyvilon
Makhleb
Okawaru
Trog
Uskayaw
Xom
Yredelemnul

Annotations:
D:3 1 transporter, Henri's ghost, amateur VSEn
D:4 Eustachio; Ijyb


Innate Abilities, Weirdness & Mutations

You cannot be hasted, slowed, berserked, paralysed or teleported.
You can dig through walls and to a lower floor.
You have a pair of large antennae on your head. (SInv)
Your four strong arms can wield two-handed weapons with a shield.


Message History

The necrophage misses you. Ijyb hits you with a +0 dagger.
* * * LOW HITPOINT WARNING * * *
The necrophage barely misses you. Ijyb barely misses you.
You hit Ijyb but do no damage.
Ijyb is moderately wounded.
The necrophage barely misses you. Ijyb hits you but does no damage.
You closely miss Ijyb.
Ijyb is moderately wounded.
You block the necrophage's attack. Ijyb hits you but does no damage.
You hit Ijyb.
Ijyb is moderately wounded.
The necrophage closely misses you. Ijyb misses you.
You hit Ijyb but do no damage.
Ijyb is moderately wounded.
The necrophage hits you.
* * * LOW HITPOINT WARNING * * *
You block Ijyb's attack.
You hit Ijyb.
Ijyb is heavily wounded.
The necrophage hits you.
* * * LOW HITPOINT WARNING * * *
Eustachio casts a spell.
Eustachio blinks!
Ijyb hits you with a +0 dagger.
* * * LOW HITPOINT WARNING * * *
It was a potion of attraction.
You feel attractive to monsters. The necrophage closely misses you.
Ijyb barely misses you. Eustachio is attracted toward you.
You closely miss Ijyb.
Ijyb is heavily wounded.
Eustachio mumbles some strange words.
An orc comes into view. It is wielding a +0 club.
The necrophage hits you but does no damage.
Ijyb hits you but does no damage.
The orc shouts!
You hit Ijyb but do no damage.
Ijyb is heavily wounded.
Eustachio gestures wildly while chanting.
Ijyb barely misses you. The necrophage hits you.
You die...

#.####### #.......#
#######.######
###..........#
..#.###.####.#
#.#.#...##.#+### {
...............# { #
....#.####.....#####ro.#
....#<...#.....n@go@55.#
...{#.#.##.....####5...#
..#.#.#....#.#.# ..#
###.#.######.#.####.. #
..#................
###########..######
.....................
......####'#.########
.... #......#


You could see Eustachio, a necrophage, Ijyb, a crimson imp (summoned), 2 orcs, 2
ufetubi and a quokka (summoned).

Vanquished Creatures
  Sigmund (D:2)
  An ogre (D:4)
  A hound (D:4)
  4 adders
  A worm (D:2)
  2 dart slugs
  8 orcs
  5 bats
  2 endoplasms
  3 giant cockroaches
  8 goblins
  6 hobgoblins
  3 jackals (D:2)
  7 kobolds
  2 quokkas
  3 ball pythons
  4 frilled lizards
  4 rats
65 creatures vanquished.

Vanquished Creatures (others)
  A hobgoblin (D:4)
1 creature vanquished.

Grand Total: 66 creatures vanquished

Notes
Turn   | Place    | Note
-------+----------+-------------------------------------------
     0 | D:1      | Rrauwl the Formicid Fighter began the quest for the Orb.
     0 | D:1      | Reached XP level 1. HP: 18/18 MP: 1/1
   226 | D:1      | Reached XP level 2. HP: 24/24 MP: 2/2
   808 | D:2      | Reached XP level 3. HP: 29/29 MP: 3/3
   908 | D:2      | Found a hide-covered altar of Uskayaw.
  1170 | D:2      | You fall into a shaft and drop 2 floors!
  1226 | D:4      | Reached XP level 4. HP: 36/36 MP: 4/4
  1276 | D:2      | Noticed Sigmund
  1291 | D:2      | Killed Sigmund
  1292 | D:2      | Reached skill level 1 in Dodging
  1292 | D:2      | Reached skill level 1 in Stealth
  1292 | D:2      | Reached XP level 5. HP: 42/42 MP: 5/5
  1292 | D:2      | Reached XP level 6. HP: 48/48 MP: 6/6
  2113 | D:3      | Reached skill level 5 in Shields
  2305 | D:3      | Noticed an ogre
  2306 | D:3      | Noticed Henri's ghost (amateur VSEn)
  2307 | D:3      | Found a transporter.
  2351 | D:3      | Identified the +1 leather armour of Nofe {Harm +Inv Will+
                  | Dex+2}
  2728 | D:4      | Noticed an ogre
  2745 | D:4      | Killed an ogre
  2746 | D:4      | Reached XP level 7. HP: 38/54 MP: 7/7
  2838 | D:4      | Found a staircase to the Ecumenical Temple.
  2869 | Temple   | Entered the Ecumenical Temple
  2919 | Temple   | Became a worshipper of Warmaster Okawaru
  3006 | D:4      | Noticed Ijyb
  3018 | D:4      | Noticed Eustachio
  3033 | D:4      | Slain by a necrophage

Illustrated notes

Levels and vault maps discovered:
D:1:      eino_arrival_cavern_a, layout_loops_ring, st_stairs_12
D:2:      layout_loops_ring, basic_altar, chequers_serial_rivers_micro_b,
          uniq_sigmund
D:3:      layout_basic, gammafunk_ghost_smash
D:4:      layout_basic, minmay_temple_entry_statues_fountains, uniq_eustachio,
          uniq_robin, uniq_ijyb
Temple:   mainiacjoe_temple_bowtie_tessellation

Skill      XL: |  1  2  3  4  5  6  7 |
---------------+----------------------+-----
Armour         | 4 |  4.0
Fighting       | 4 |  4.0
Polearms       | 4 |  4.7
Dodging        | 1 2 |  2.0
Stealth        | 1 2 |  2.0
Shields        | 5 |  5.5
Invocations    | |  0.3

Action                   |  1- 3 |  4- 6 |  7- 9 || total
-------------------------+-------+-------+-------++-------
Melee: Trident           |   105 |    80 |    62 ||   247
  Use: Potion            |     1 |     1 |     4 ||     6
       Scroll            |       |     6 |     1 ||     7
 Stab: Distracted        |       |     1 |       ||     1
Armor: Scale mail        |    31 |    23 |    31 ||    85
Dodge: Dodged            |    41 |    18 |    31 ||    90
Block: Buckler           |    23 |    15 |    11 ||    49
